 Dungeon Crawl Stone Soup version 0.23-a0-890-gc183402 (webtiles) character file.

Game seed: 5527191572818214249

16293 MalarOregon the Spear-Bearer (level 12, -10/94 HPs)
             Began as a Merfolk Abyssal Knight on Jan 28, 2019.
             Was a High Priest of Lugonu.
             Mangled by a harpy (19 damage)
             ... summoned by Kirke
             ... on level 3 of the Lair of Beasts on Jan 29, 2019.
             The game lasted 00:39:47 (18110 turns).

MalarOregon the Spear-Bearer (MfAK)                Turns: 18110, Time: 00:39:48

Health: -10/94     AC:  0    Str: 12    XL:     12   Next: 36%
Magic:  20/20      EV: 21    Int: 16    God:    Lugonu [*****.]
Gold:   791        SH:  5    Dex: 14    Spells: 13/22 levels left

rFire    . . .     SeeInvis .   (weapon currently unavailable)
rCold    . . .     Gourm    .   (shield currently unavailable)
rNeg     . . .     Faith    .   (armour currently unavailable)
rPois    .         Spirit   .   (helmet currently unavailable)
rElec    .         Reflect  +   (cloak currently unavailable)
rCorr    .         Harm     .   (gloves currently unavailable)
MR       .....                  (boots currently unavailable)
Stlth    +.........             D - +5 amulet of reflection
HPRegen  0.25/turn              (ring currently unavailable)
MPRegen  0.17/turn              (ring currently unavailable)

@: pig-form, marked, slowed
A: small, (change form in water), (swift swim), (stealthy swim)
a: Depart the Abyss, Bend Space, Banish, Corrupt, Enter the Abyss, Renounce
Religion


You were on level 3 of the Lair of Beasts.
You worshipped Lugonu.
Lugonu was extremely pleased with you.
You were hungry.
You were a filthy swine.
You visited 3 branches of the dungeon, and saw 14 of its levels.
You visited the Abyss 1 time.

You collected 791 gold pieces.

Inventory:

Hand Weapons
 a - the +1 glaive of Ryoqah (melded) {venom, Str+4}
   (You found it on level 2 of the Lair of Beasts)

   It poisons the flesh of those it strikes.
   It affects your strength (+4).
 b - a +4 spear
Missiles
 t - 29 javelins (quivered)
 u - 3 tomahawks of returning
 z - a throwing net {!f}
Armour
 c - a +0 buckler
   (You found it on level 2 of the Lair of Beasts)
 o - a +1 leather armour (melded)
 p - a +2 pair of gloves (melded)
   (You found it on level 1 of the Dungeon)
 y - a +2 pair of boots (melded)
   (You found it on level 4 of the Dungeon)
 M - the +0 cloak "Hepri" (melded) {MP+9}
   (You found it on level 4 of the Dungeon)

   It affects your magic capacity (+9).
 P - a +2 helmet (melded)
   (You found it on level 9 of the Dungeon)
Magical Staves
 F - an uncursed staff of poison
   (You found it on level 3 of the Lair of Beasts)
Jewellery
 f - an uncursed ring of ice
   (You found it on level 2 of the Dungeon)
 n - an uncursed ring of resist corrosion
   (You found it on level 1 of the Dungeon)
 C - a +1 ring of slaying (melded)
   (You found it on level 3 of the Dungeon)
 D - a +5 amulet of reflection (around neck)
   (You found it on level 3 of the Dungeon)
 K - a +2 ring of slaying (melded)
   (You found it on level 3 of the Dungeon)
 N - an uncursed amulet of regeneration {unknown}
   (You found it on level 4 of the Lair of Beasts)
Scrolls
 h - a scroll of blinking
 i - 2 scrolls of teleportation {@r4}
 j - 2 scrolls of magic mapping
 m - 4 scrolls of remove curse {@r2}
 q - 3 scrolls of fog
 r - a scroll of enchant weapon
 s - a scroll of enchant armour
 B - a scroll of fear
 E - 5 scrolls of identify {@r1}
 J - a scroll of brand weapon {unknown}
Potions
 d - a potion of ambrosia
 g - a potion of cancellation
 k - 4 potions of haste {unknown}
 l - 4 potions of lignification {!q}
 v - 4 potions of might {unknown}
 w - 4 potions of degeneration {unknown}
 x - a potion of magic {unknown}
 A - 3 potions of agility {unknown}
 G - 4 potions of brilliance
 H - a potion of berserk rage {unknown}
 I - a potion of resistance {unknown}
 L - a potion of flight {unknown}
 O - 6 potions of curing {unknown}
Comestibles
 e - 16 rations {!d}


   Skills:
 + Level 8.9 Fighting
 + Level 10.9 Polearms
 + Level 5.6 Armour
 + Level 9.9 Dodging
 + Level 5.7 Spellcasting
 + Level 6.4 Hexes
 + Level 8.3 Transmutations
 + Level 8.3 Invocations


You had 13 spell levels left.
You knew the following spells:

 Your Spells              Type           Power        Failure   Level  Hunger
a - Confusing Touch       Hex            ####..       1%          1    None
b - Yara's Violent Unrav  Hex/Tmut       ####......   19%         5    ######.
d - Tukima's Dance        Hex            ####....     3%          3    ##.....

Your spell library contained the following spells:

 Spells                   Type           Power        Failure   Level  Hunger
 Corona                   Hex            ####...      1%          1    None
 Confuse                  Hex            ####....     3%          3    ##.....
 Ensorcelled Hibernation  Hex/Ice        ##....       6%          2    #......
 Dazzling Spray           Conj/Hex       ##....       12%         3    ##.....
 Shock                    Conj/Air       #...         14%         1    None
 Swiftness                Chrm/Air       #.......     22%         2    #......
 Petrify                  Tmut/Erth      ###.....     26%         4    ####...
 Gell's Gravitas          Tloc           #.........   38%         3    ##.....
 Static Discharge         Conj/Air       #.......     38%         3    ##.....
 Metabolic Englaciation   Hex/Ice        ##........   71%         5    ######.
 Airstrike                Air            #.........   80%         4    ####...
 Lightning Bolt           Conj/Air       #.........   98%         5    ######.


Dungeon Overview and Level Annotations

Branches:
Dungeon (9/15)             Temple (1/1) D:7            Lair (4/6) D:9
  Swamp (0/4) Lair:3       Spider (0/4) Lair:3          Orc (0/2) D:9

Altars:
Ashenzari
Cheibriados
Dithmenos
Elyvilon
Fedhas
Gozag
Hepliaklqana
Kikubaaqudgha
Makhleb
Nemelex Xobeh
Okawaru
Qazlal
Ru
Sif Muna
Trog
Uskayaw
Vehumet
Wu Jian
Xom
Yredelemnul
Zin
The Shining One

Shops:
D:4 [[}   D:5 =

Annotations:
Lair:2 1 runed translucent door, Deavvycs's ghost, journeyman TrHu
Lair:3 Kirke


Message History

You hear some strange, mumbled words.
You turn into a filthy swine.
The +1 glaive of Ryoqah {venom, Str+4} melds into your body.
The +0 cloak "Hepri" {MP+9} melds into your body.
Your +2 helmet melds into your body.
Your +2 pair of gloves melds into your body.
Your +2 pair of boots melds into your body.
Your +1 leather armour melds into your body.
Your +2 ring of slaying melds into your body.
Your +1 ring of slaying melds into your body.
The +1 glaive of Ryoqah {venom, Str+4} stops dripping with poison.
Something hits you!
You barely miss something. Something closely misses you.
Unknown command.
You hit something.
You hear some strange, mumbled words.
Something summons some harpies!
You miss something. The harpy claws you!! The harpy misses you.
The harpy claws you. The harpy misses you. You block the harpy's attack.
The harpy claws you.
* * * LOW HITPOINT WARNING * * *
Something hits you!
* * * LOW HITPOINT WARNING * * *
The harpy claws you!
* * * LOW HITPOINT WARNING * * *
The harpy claws you.
* * * LOW HITPOINT WARNING * * *
The harpy barely misses you. The harpy misses you.
Unknown command.
The harpy screeches!
The harpy misses you. The harpy completely misses you.
You hear some strange, mumbled words.
Something summons a manticore!
The harpy completely misses you. The harpy closely misses you.
You block the harpy's attack. The harpy closely misses you.
Unknown command.
The harpy claws you.
* * * LOW HITPOINT WARNING * * *
The harpy claws you.
* * * LOW HITPOINT WARNING * * *
The harpy misses you. x2; The harpy barely misses you.
The harpy claws you!
* * * LOW HITPOINT WARNING * * *
The harpy misses you. The harpy barely misses you.
The harpy closely misses you. You block the harpy's attack.
Here: a harpy (summoned)
The floor.
The harpy screeches!
The harpy closely misses you. You block the harpy's attack.
The harpy claws you!!
You die...

....#.### #.## ####
##...... .....## ###
##...... ..#### #...#...
.## ###..###.. ## #########
######....# ##.
##.#.P#.P####.##.....## #.
#.#....>).#..(......## ##
##.....H.H..........#
#####.<....>.Hh.........###
#.##..#PP#########P#....#.#
##....#### ####.....#
##....# ##......#####
##...<## ####...P........
#....## #...#.###.....#.
#.....# ###....##.........
##...###
#####.#...#.##........
#.....#
#........#.###........


You could see a manticore and 2 harpies.

Vanquished Creatures
  A hydra (Lair:3)
  3 two-headed ogres
  An orb spider (Lair:3)
  5 elephants
  A black mamba (Lair:3)
  A rime drake (Lair:1)
  3 spiny frogs
  2 komodo dragons (Lair:1)
  4 hippogriffs
  5 blink frogs (Lair:2)
  Sigmund (D:3)
  4 yaks
  3 fire bats (Lair:1)
  5 hogs (Lair:3)
  2 basilisks
  Menkaure (D:4)
  Grum (D:8)
  4 vampire mosquitoes (Lair:2)
  A warg (D:8)
  6 porcupines
  5 water moccasins
  A sky beast (D:4)
  2 phantoms
  3 black bears
  9 wolves
  2 ogres
  3 centaurs
  A tengu (D:8)
  2 crocodiles
  2 big kobolds (D:8)
  4 bullfrogs
  A wyvern zombie (D:9)
  A water moccasin zombie (D:9)
  5 scorpions
  An electric eel (Lair:3)
  5 crimson imps
  A jelly (D:6)
  2 quasits (D:8)
  5 orc priests
  A bullfrog zombie (D:9)
  3 hounds
  Crazy Yiuf (D:3)
  3 bullfrog skeletons
  3 iguanas
  9 orc wizards
  Ijyb (D:3)
  9 worker ants
  2 hound skeletons
  A worker ant zombie (D:6)
  3 gnolls (D:1)
  10 adders
  A shadow imp (D:5)
  An adder zombie (D:7)
  2 adder skeletons
  2 worms
  3 dart slugs
  8 leopard geckos
  35 orcs
  10 bats
  5 giant cockroaches
  13 goblins
  11 hobgoblins
  8 jackals
  18 kobolds
  5 quokkas
  7 frilled lizards
  A giant cockroach zombie (D:3)
  A leopard gecko skeleton (D:6)
  9 rats
  A fungus (D:3)
296 creatures vanquished.

Vanquished Creatures (others)
  37 fungi
  10 plants (D:9)
47 creatures vanquished.

Grand Total: 343 creatures vanquished

Notes
Turn   | Place    | Note
-------+----------+-------------------------------------------
     0 | Abyss:1  | MalarOregon the Merfolk Abyssal Knight began the quest for
                  | the Orb.
     0 | Abyss:1  | Reached XP level 1. HP: 18/18 MP: 2/2
    13 | Abyss:1  | Found a corrupted altar of Lugonu.
    16 | D:1      | Escaped the Abyss
   119 | D:1      | Reached XP level 2. HP: 24/24 MP: 3/3
   137 | D:1      | Reached skill level 1 in Armour
   151 | D:1      | Reached ** piety under Lugonu
   394 | D:1      | You fall through a shaft!
   556 | D:1      | Reached XP level 3. HP: 29/29 MP: 4/4
  1102 | D:1      | Reached XP level 4. HP: 7/37 MP: 5/5
  1580 | D:1      | Reached skill level 4 in Polearms
  2232 | D:2      | Reached XP level 5. HP: 39/42 MP: 7/7
  2505 | D:3      | Noticed Sigmund
  2544 | D:3      | Noticed a sky beast
  2549 | D:3      | Reached *** piety under Lugonu
  2796 | D:4      | Killed a sky beast
  2796 | D:4      | Reached XP level 6. HP: 12/48 MP: 8/8
  3153 | D:3      | Killed Sigmund
  3153 | D:3      | Reached skill level 5 in Polearms
  3488 | D:3      | Noticed Ijyb
  3541 | D:3      | Found a transporter.
  3544 | D:3      | Noticed a black bear
  3545 | D:3      | Found a shadowy altar of Dithmenos.
  3551 | D:3      | Found a transporter.
  3627 | D:3      | Killed Ijyb
  3627 | D:3      | Reached XP level 7. HP: 24/55 MP: 9/9
  3904 | D:3      | Found a runed translucent door.
  3905 | D:3      | Noticed Crazy Yiuf
  3917 | D:3      | Killed Crazy Yiuf
  4206 | D:3      | Reached skill level 5 in Dodging
  4218 | D:3      | Reached skill level 5 in Fighting
  4399 | D:3      | Learned a level 1 spell: Confusing Touch
  4405 | D:3      | Learned a level 5 spell: Yara's Violent Unravelling
  4462 | D:4      | Found Ehet's Antique Armour Emporium.
  4637 | D:4      | Found Oniqonn's Gadget Emporium.
  4777 | D:4      | Got a bloodstained cloak
  4797 | D:4      | Identified the +0 cloak "Hepri" {MP+9} (You found it on
                  | level 4 of the Dungeon)
  4879 | D:4      | Noticed Menkaure
  4895 | D:4      | Killed Menkaure
  4895 | D:4      | Reached skill level 6 in Polearms
  4895 | D:4      | Reached skill level 1 in Transmutations
  5050 | D:4      | Reached XP level 8. HP: 57/62 MP: 11/11
  5144 | D:4      | Reached skill level 1 in Spellcasting
  5346 | D:4      | Found Cosmok's Antique Armour Emporium.
  5388 | D:5      | Entered Level 5 of the Dungeon
  5388 | D:5      | Found a snail-covered altar of Cheibriados.
  5452 | D:4      | Reached skill level 1 in Hexes
  5830 | D:5      | Found an ornate altar of the Wu Jian Council.
  5830 | D:5      | Found a deep blue altar of Sif Muna.
  6094 | D:5      | Found a sparkling altar of Nemelex Xobeh.
  6211 | D:5      | Reached **** piety under Lugonu
  6212 | D:5      | Found Hicu's Jewellery Boutique.
  6342 | D:5      | Reached skill level 5 in Invocations
  6482 | D:6      | Found a hide-covered altar of Uskayaw.
  6482 | D:6      | Noticed a +0 hand axe
  6494 | D:6      | Noticed a +0 dagger
  6689 | D:6      | Reached skill level 7 in Polearms
  6948 | D:6      | Reached XP level 9. HP: 55/69 MP: 12/12
  8301 | D:7      | Found a staircase to the Ecumenical Temple.
  8608 | Temple   | Entered the Ecumenical Temple
  8943 | D:8      | Noticed a two-headed ogre
  8945 | D:8      | Noticed Grum
  8956 | D:8      | Killed a two-headed ogre
  8956 | D:8      | Reached skill level 8 in Polearms
  8961 | D:8      | Reached XP level 10. HP: 12/77 MP: 14/14
  8961 | D:8      | Killed Grum
  8963 | D:8      | Reached skill level 5 in Transmutations
  8988 | D:8      | HP: 3/77 [hippogriff (8)]
  9456 | D:8      | Noticed a two-headed ogre
  9473 | D:8      | Killed a two-headed ogre
  9473 | D:8      | Reached ***** piety under Lugonu
 11312 | D:9      | Reached skill level 9 in Polearms
 11743 | D:9      | Noticed a two-headed ogre
 11767 | D:9      | Learned a level 3 spell: Tukima's Dance
 11784 | D:9      | Killed a two-headed ogre
 11919 | D:9      | Found a staircase to the Lair.
 11949 | D:9      | Reached XP level 11. HP: 25/84 MP: 17/17
 12396 | D:9      | Found a sparkling altar of Nemelex Xobeh.
 12441 | D:9      | Found a staircase to the Orcish Mines.
 12483 | Lair:1   | Entered Level 1 of the Lair of Beasts
 12545 | Lair:1   | Reached skill level 5 in Hexes
 12782 | Lair:1   | HP: 5/129 [wolf (5)]
 13982 | Lair:1   | Reached skill level 5 in Armour
 14763 | Lair:1   | Reached skill level 10 in Polearms
 14779 | Lair:1   | Reached skill level 5 in Spellcasting
 16091 | Lair:2   | Got a polished glaive
 16092 | Lair:2   | Identified the +1 glaive of Ryoqah {venom, Str+4} (You
                  | found it on level 2 of the Lair of Beasts)
 16221 | Lair:2   | Found a runed translucent door.
 16221 | Lair:2   | Found a shimmering altar of Xom.
 16221 | Lair:2   | Noticed a +0 dire flail of chaos
 16221 | Lair:2   | Noticed Deavvycs's ghost (journeyman TrHu)
 16552 | Lair:3   | Reached XP level 12. HP: 89/94 MP: 20/20
 16876 | Lair:3   | Found a staircase to the Swamp.
 16944 | Lair:3   | Noticed a five-headed hydra
 16968 | Lair:3   | Killed a five-headed hydra
 17385 | Lair:3   | Found a hole to the Spider Nest.
 17776 | Lair:4   | Noticed Kirke
 18094 | Lair:4   | Noticed a sphinx
 18110 | Lair:3   | Mangled by a harpy

Vault maps used:
D:1:      dpeg_arrival_concentric_ovals
D:2:      cheibrodos_old_hovel, minmay_misc_feat_roman
D:3:      minmay_chambers_of_twos, gammafunk_temple_overflow_arena, uniq_ijyb,
          uniq_crazy_yiuf_cottage, uniq_sigmund
D:4:      first_ration, serial_shops, shop, shop_fountains,
          kennysheep_mini_moat, minmay_door_square, uniq_menkaure
D:5:      gammafunk_temple_overflow_pools, overflow_temple_1_default,
          serial_shops, shop_statue, nemelex_spade_bored_becter
D:6:      dancing_weapons_uskayaw
D:7:      lemuel_temple_firewalk_b
D:8:      uniq_grum
D:9:      nemelex_altar_shiori, due_lair_maze_entry_diamond, orc_0_dummy
Temple:   eino_temple_rhombus
Lair:1:   nicolae_volcano_entry_batcave
Lair:2:   ebering_ghost_xom
Lair:3:   minmay_swamp_entry_swarm, nicolae_spider_entry_orb_guardian,
          lemuel_fruit_fields
Lair:4:   uniq_kirke
Abyss:1:  evilmike_abyss_exit_9

Skill      XL: |  1  2  3  4  5  6  7  8  9 10 11 12 |
---------------+-------------------------------------+-----
Dodging        | 3 4 5 6 7 8 9 |  9.9
Armour         | 1 2 3 4 5 |  5.6
Polearms       | 4 5 6 7 8 9 10 | 10.9
Fighting       | 4 5 6 7 8 |  8.9
Invocations    | 3 4 5 6 7 8 |  8.3
Transmutations | 1 3 4 6 7 8 |  8.3
Spellcasting   | 2 3 4 5 |  5.7
Hexes          | 2 3 4 6 |  6.4

Action                   |  1- 3 |  4- 6 |  7- 9 | 10-12 || total
-------------------------+-------+-------+-------+-------++-------
Melee: Spear             |   139 |   272 |   490 |   859 ||  1760
       Glaive            |       |       |       |   109 ||   109
       Unarmed           |       |       |       |     3 ||     3
Throw: Javelin           |       |       |       |    12 ||    12
 Cast: Confusing Touch   |       |       |     7 |    33 ||    40
       Tukima's Dance    |       |       |       |     4 ||     4
Invok: Bend Space        |       |       |       |     3 ||     3
Evoke: Wand              |       |       |    10 |    12 ||    22
  Use: Potion            |       |     4 |     1 |     4 ||     9
       Scroll            |       |       |    12 |     9 ||    21
 Stab: Confused          |       |       |     3 |    28 ||    31
       Distracted        |       |       |       |     1 ||     1
  Eat: Chunk             |     1 |     5 |    14 |    22 ||    42
       Ration            |       |     1 |     1 |     2 ||     4
Armor: Leather armour    |    36 |    62 |   115 |   243 ||   456
       Skin              |       |    29 |       |    86 ||   115
Dodge: Dodged            |    94 |   137 |   222 |   569 ||  1022
Block: Other             |       |       |    68 |   186 ||   254
       Reflection        |       |       |     7 |     1 ||     8

Table legend:
 A = Non-vault XP
 B = Vault XP
 C = Vault XP percentage of total XP
 D = Non-vault monster count
 E = Vault monster count
 F = Vault count percentage of total count
                 A         B        C        D         E       F
            +---------+---------+-------+---------+---------+-------
      Total |   18144 |    5133 |  22.1 |     256 |      39 |  13.2
            +---------+---------+-------+---------+---------+-------
        D:1 |     122 |       0 |   0.0 |      31 |       0 |   0.0
        D:2 |      54 |       2 |   3.6 |      19 |       1 |   5.0
        D:3 |      81 |     511 |  86.3 |      28 |      11 |  28.2
        D:4 |     315 |     312 |  49.8 |      20 |       2 |   9.1
        D:5 |     650 |       0 |   0.0 |      24 |       0 |   0.0
        D:6 |     545 |       0 |   0.0 |      21 |       0 |   0.0
        D:7 |     737 |       0 |   0.0 |      12 |       0 |   0.0
        D:8 |    3112 |     533 |  14.6 |      38 |       4 |   9.5
        D:9 |    1705 |     910 |  34.8 |      21 |       8 |  27.6
     Lair:1 |    5212 |     603 |  10.4 |      20 |       3 |  13.0
     Lair:2 |    3093 |     720 |  18.9 |      13 |       4 |  23.5
     Lair:3 |    2413 |    1542 |  39.0 |       8 |       6 |  42.9
     Lair:4 |     105 |       0 |   0.0 |       1 |       0 |   0.0
            +---------+---------+-------+---------+---------+-------
